 Dungeon Crawl Stone Soup version 0.31-a0-740-g87205ac768 (webtiles) character file.

Game seed: 2561569902566998059

84 cforsyth the Trooper (level 4, -1/37 HPs)
             Began as a Djinni Chaos Knight on Sept 12, 2023.
             Was a Plaything of Xom.
             Killed by divine providence
             ... invoked by an orc priest
              (16 damage)
             ... on level 4 of the Dungeon.
             The game lasted 00:04:32 (2132 turns).

cforsyth the Trooper (Djinni Chaos Knight)          Turns: 2132, Time: 00:04:32

Health: -1/37      AC:  5    Str: 11    XL:     4   Next: 74%
Gold:   102        EV: 11    Int: 15    God:    Xom [.*....] SH:  0 Dex: 13

rFire   + + .        g - +1 short sword (freeze)
rCold   x . .        (no shield)
rNeg    . . .        b - +2 leather armour
rPois   ∞            (no helmet)
rElec   .            (no cloak)
rCorr   .            (no gloves)
SInv    .            (boots unavailable)
Will    .....        (no amulet)
Stlth   +            (no ring)
HPRegen 0.26/turn    (no ring)
MPRegen 0.00/turn

%: infuse magic (-2 HP)
@: flying
A: sickness immunity, fire resistance 2, cold vulnerability 1, float, innate
caster, HP casting, extra vitality 1
a: Renounce Religion


You were on level 4 of the Dungeon.
You worshipped Xom.
You were a plaything of Xom.
You visited 1 branch of the dungeon, and saw 4 of its levels.

You collected 102 gold pieces.

Inventory:

Hand Weapons
 a - a +0 falchion of chaos
 g - a +1 short sword of freezing (weapon)
Missiles
 f - a throwing net
Armour
 b - a +2 leather armour (worn)
Jewellery
 j - an amulet of faith
 n - a ring of ice
Scrolls
 c - a scroll of butterflies
 d - 5 scrolls of identify {unknown}
 e - a scroll of noise {unknown}
 o - a scroll of fog {unknown}
Potions
 h - a potion of mutation {unknown}
 i - a potion of heal wounds {unknown}
 k - a potion of resistance {unknown}
 l - a potion of curing {unknown}
 m - a potion of might {unknown}
 p - a potion of haste {unknown}


   Skills:
 + Level 4.1 Fighting
 - Level 2.6 Long Blades
 - Level 1.0 Armour
 - Level 2.1 Dodging
 + Level 1.8 Spellcasting
 + Level 1.8 Conjurations
 + Level 1.8 Hexes
   Level 0.0 Charms
 + Level 1.8 Summonings
 + Level 1.8 Necromancy
 + Level 1.8 Translocations
 + Level 1.8 Transmutations
 + Level 1.8 Fire Magic
 + Level 1.8 Ice Magic
 + Level 1.8 Air Magic
 + Level 1.8 Earth Magic
 + Level 1.8 Poison Magic


You knew the following spells:

 Your Spells              Type           Power      Damage    Failure   Level
a - Necrotise             Necr           24%        1d5       14%         1
Your spell library was empty.

Dungeon Overview and Level Annotations

Branches:
Dungeon (4/15)
 Temple: D:4-7

Altars:

Shops:
D:1 =*[*   D:2 :

Annotations:
D:3 2 transporters, Age's ghost, weakling MiFi


Innate Abilities, Weirdness & Mutations

You are immune to sickness and miasma.
You are immune to poison.
Your flesh is very heat resistant. (rF++)
You are vulnerable to cold. (rC-)
You float through the air rather than walking.
You learn spells naturally, not from books.
Your magical power is your life essence.
You have superior vitality. (+4 MHP)


Message History

The orc hits you from afar with a +0 trident.
The orc barely misses you. The orc barely misses you.
The orc closely misses you.
You fly upwards.
Level annotation: 2 transporters, Age's ghost, weakling MiFi
There is a stone staircase leading down here.
You hit the orc. You freeze the orc.
You kill the orc!
No target in view!
You start resting.
HP restored.
You fly downwards.
There is a stone staircase leading up here.
The orc barely misses you.
You hit the orc. You freeze the orc.
The orc is heavily wounded.
The orc hits you with a +0 trident.
You closely miss the orc.
The orc is heavily wounded.
The orc hits you with a +0 trident.
You hit the orc. You freeze the orc.
The orc is severely wounded.
The orc closely misses you.
The orc priest invokes the aid of Beogh against you.
Beogh smites you!
You hit the orc. You freeze the orc.
You kill the orc!
The orc priest looks braver for a moment.
You hit the orc priest. You freeze the orc priest.
The orc priest is lightly wounded.
The orc priest invokes the aid of Beogh against you.
Pain shoots through your body!
You are too injured to fight recklessly!
You are too injured to fight recklessly!
You closely miss the orc priest.
The orc priest is lightly wounded.
The orc priest calls down the wrath of Beogh upon you.
Beogh smites you!
You die...
Xom thinks this is hilarious!

###### ##########
......####........#
..................#
..................##
......).....<.......
.......@....#####.##
..######o..## #...#
.....# .......#
......... ..........
o#.........


You could see an orc priest.

Vanquished Creatures
  An adder (D:3)
  6 worms
  A dart slug (D:3)
  4 orcs
  3 endoplasms
  4 giant cockroaches
  5 goblins
  5 hobgoblins
  3 quokkas
  4 ball pythons
  3 bats (D:2)
  4 frilled lizards
  5 kobolds
  2 rats (D:3)
50 creatures vanquished.

Notes
Turn   | Place    | Note
-------+----------+-------------------------------------------
     0 | D:1      | cforsyth the Djinni Chaos Knight began the quest for the
                  | Orb.
     0 | D:1      | Reached XP level 1. HP: 20/20 MP: 0/0
    78 | D:1      | Found Orphagol's General Store.
    91 | D:1      | Found Ijiemyokh's Antique Armour Shoppe.
    92 | D:1      | Found Fonel's Assorted Antiques.
   126 | D:1      | Reached XP level 2. HP: 25/25 MP: 0/0
   420 | D:1      | XOM: cloud trail
   504 | D:1      | Found Qodadeg's Jewellery Boutique.
   608 | D:2      | Found a faded altar of an unknown god.
   750 | D:2      | XOM: noise
   830 | D:2      | Reached skill level 1 in Spellcasting
   830 | D:2      | Reached skill level 1 in Conjurations
   830 | D:2      | Reached skill level 1 in Hexes
   830 | D:2      | Reached skill level 1 in Summonings
   830 | D:2      | Reached skill level 1 in Necromancy
   830 | D:2      | Reached skill level 1 in Translocations
   830 | D:2      | Reached skill level 1 in Transmutations
   830 | D:2      | Reached skill level 1 in Fire Magic
   830 | D:2      | Reached skill level 1 in Ice Magic
   830 | D:2      | Reached skill level 1 in Air Magic
   830 | D:2      | Reached skill level 1 in Earth Magic
   830 | D:2      | Reached skill level 1 in Poison Magic
   837 | D:2      | XOM is BORED!
   962 | D:2      | Reached XP level 3. HP: 22/30 MP: 0/0
   962 | D:2      | Learned a level 1 spell: Necrotise
  1154 | D:2      | Found a transporter.
  1155 | D:2      | Found Kocikhli's Book Boutique.
  1204 | D:2      | XOM: butterfly on damage
  1266 | D:2      | XOM: god gift: robe {god gift}
  1267 | D:2      | Found a transporter.
  1305 | D:2      | XOM: scenery: summon butterflies
  1517 | D:3      | Reached XP level 4. HP: 29/37 MP: 0/0
  1630 | D:3      | Reached skill level 4 in Fighting
  1707 | D:3      | XOM: 1-stop teleportation journey
  1780 | D:3      | Found a transporter.
  1781 | D:3      | Noticed Age's ghost (weakling MiFi)
  1783 | D:3      | Noticed an ogre
  1786 | D:3      | Found a transporter.
  1890 | D:3      | XOM: swap monsters
  2132 | D:4      | Killed from afar by an orc priest

Illustrated notes

Levels and vault maps discovered:
D:1:      roderic_octagonal_star, layout_rooms, serial_shops,
          nicolae_shop_stone, nicolae_shop_back_alley_shop,
          nicolae_shop_dealshenge, nicolae_shop_waterfront
D:2:      layout_rooms, shapermc_ecumenical_altar_mp_vishouse, serial_shops,
          nicolae_shop_drivethru
D:3:      layout_rooms, gammafunk_ghost_smash
D:4:      layout_basic, lemuel_doored_altar, hellmonk_ghost_happy_afterlife,
          glass_columns_b

Skill      XL: |  1  2  3  4 |
---------------+-------------+-----
Spellcasting   | 1 |  1.8
Conjurations   | 1 |  1.8
Hexes          | 1 |  1.8
Summonings     | 1 |  1.8
Necromancy     | 1 |  1.8
Translocations | 1 |  1.8
Transmutations | 1 |  1.8
Fire Magic     | 1 |  1.8
Ice Magic      | 1 |  1.8
Air Magic      | 1 |  1.8
Earth Magic    | 1 |  1.8
Poison Magic   | 1 |  1.8
Fighting       | 4 |  4.1
Long Blades    | |  2.6
Armour         | |  1.0
Dodging        | |  2.1

Action                     |  1- 3 |  4- 6 || total
---------------------------+-------+-------++-------
  Melee: Falchion          |     6 |       ||     6
         Short sword       |   125 |    84 ||   209
         Punch             |     1 |       ||     1
   Stab: Sleeping          |       |     1 ||     1
 Armour: Leather armour    |    64 |    46 ||   110
  Dodge: Dodged            |    54 |    33 ||    87

Table legend: (Time is in decaauts)
 A = Elapsed time spent in this place.
 B = Non-inter-level travel time spent in this place.
 C = Inter-level travel time spent in this place.
 D = Time resting spent in this place.
 E = Time spent auto-exploring this place.
 F = Levels seen in this place.
 G = Mean time per level.
                   A        B        C        D        E       F      G
               +--------+--------+--------+--------+--------+-----+--------+
         Total |   2120 |   1962 |    158 |     81 |   1345 |   4 |  530.0 |
       Dungeon |   2120 |   1962 |    158 |     81 |   1345 |   4 |  530.0 |
               +--------+--------+--------+--------+--------+-----+--------+

Top non-repeatable levels by time:
     D:2: 834 daAuts
     D:3: 656 daAuts
     D:1: 597 daAuts
     D:4: 31 daAuts
